AoeStats
← Mauser5339

Arabia

509133634Analyzed
1v1 RM · 6d ago on Sep 25, 2026· 45m 47s· 2 players
Game mode
Random Map
Map size
Tiny (2 player)
Population
200
Speed
Normal
Resources
Standard
Victory
Conquest
Starting age
Dark Age
Ending age
Imperial Age
RankedLock teamsTeams togetherTeam positionsShared explorationLock speedFull tech treeHidden civsTurbo modeCheats
Victory
Defeat
🇱🇧 Hindustanis · Lebanon
1183
+14
🇦🇷 Spanish · Argentina
1142
-14
Mauser5339
7:45 Loom
9:58 Feudal Age
11:29 Double-Bit Axe
13:45 Horse Collar
19:06 Castle Age
17:20 Forging
17:03 Fletching
18:26 Wheelbarrow
19:07 Padded Archer Armor
19:48 Scale Barding Armor
23:12 Gold Mining
23:47 Bow Saw
24:10 Town Watch
25:13 Heavy Plow
27:09 Hand Cart
28:21 Town Patrol
32:43 Bloodlines
35:31 Imperial Age
33:16 Stone Mining
36:29 Bodkin Arrow
39:58 Elite Skirmisher
42:17 Bracer
44:18 Pikeman
45:05 Halberdier
46:25 Forging
Kanso
9:36 Loom
11:56 Feudal Age
17:23 Castle Age
15:30 Horse Collar
15:57 Double-Bit Axe
16:33 Gold Mining
16:47 Fletching
17:38 Padded Archer Armor
18:27 Bodkin Arrow
20:44 Wheelbarrow
22:29 Bow Saw
22:44 Ballistics
31:16 Imperial Age
29:55 Hand Cart
30:04 Stone Mining
30:51 Bloodlines
30:42 Husbandry
31:12 Leather Archer Armor
31:27 Thumb Ring
32:00 Bracer
33:35 Chemistry
33:55 Ring Archer Armor
33:56 Heavy Cavalry Archer
35:35 Light Cavalry
36:16 Husbandry
36:27 Scale Barding Armor
36:34 Forging
37:48 Chain Barding Armor
38:06 Iron Casting
37:56 Hussar
39:46 Plate Barding Armor
40:33 Blast Furnace
Connection lost

Rejoining the realm…

Still unreachable

The connection could not be restored.

Session expired

The server has moved on; the page needs a fresh start.